 Dungeon Crawl Stone Soup version 0.25-a0-936-gcfa9253 (webtiles) character file.

Game seed: 4606223989872201530, levelgen mode: deterministic

9 TheOrbIsALie the Skirmisher (level 2, 0/20 HPs)
             Began as a Gargoyle Berserker on May 4, 2020.
             Was a Follower of Trog.
             Slain by a leopard gecko (3 damage)
             ... on level 1 of the Dungeon.
             The game lasted 00:00:33 (180 turns).

TheOrbIsALie the Skirmisher (Gargoyle Berserker)     Turns: 180, Time: 00:00:34

Health: 0/20       AC:  5    Str: 20    XL:     2   Next: 16%
Magic:  2/2        EV: 12    Int:  7    God:    Trog [*.....]
Gold:   5          SH:  0    Dex:  9    Spells: 1/1 levels left

rFire    . . .     SeeInvis .   a - +0 mace
rCold    . . .     Gourm    .   (no shield)
rNeg     + . .     Faith    .   b - +0 animal skin
rPois    ∞         Spirit   .   (no helmet)
rElec    +         Reflect  .   (no cloak)
rCorr    .         Harm     .   (no gloves)
MR       .....     Rnd*Tele +   (no boots)
Stlth    +.........             (no amulet)
HPRegen  0.06/turn              f - ring of teleportation (curse)
MPRegen  0.08/turn              (no ring)

@: berserk cooldown, slowed, very slow
A: negative energy resistance 1, electricity resistance, unbreathing,
petrification resistance, rot immunity, AC +2
a: Berserk, Renounce Religion


You were on level 1 of the Dungeon.
You worshipped Trog.
Trog was aware of your devotion.
You were not hungry.

You visited 1 branch of the dungeon, and saw 2 of its levels.

You collected 5 gold pieces.

Inventory:

Hand Weapons
 a - a +0 mace (weapon)
Missiles
 d - 8 javelins (quivered)
Armour
 b - a +0 animal skin (worn)
Jewellery
 f - a cursed ring of teleportation (left hand)
Scrolls
 g - a scroll of enchant weapon {unknown}
Potions
 e - 2 potions of lignification {unknown}
Comestibles
 c - 2 rations
 h - 3 chunks of flesh


   Skills:
 + Level 3.8 Fighting
 + Level 3.0 Maces & Flails
 + Level 2.2 Armour
 + Level 1.6 Dodging


You had one spell level left.
You didn't know any spells.
Your spell library was empty.

Dungeon Overview and Level Annotations

Branches:
Dungeon (2/15)

Altars:


Innate Abilities, Weirdness & Mutations

You are resistant to torment.
Your stone body is resilient. (AC +2)
You are immune to poison.
You resist negative energy. (rN+)
You are resistant to electric shocks. (rElec)
You can survive without breathing.
You are immune to petrification.
You are immune to rotting.


Message History

You feel yourself slow down.
h - a chunk of flesh;
h - 3 chunks of flesh (gained 2)
You see here a bat skeleton.
Okay, then.
There is a stone staircase leading up here.
You climb upwards.
The leopard gecko hisses angrily.
The leopard gecko misses you. The leopard gecko closely misses you.
The leopard gecko barely misses you.
There is a stone staircase leading down here.
You closely miss the leopard gecko. The leopard gecko barely misses you.
The leopard gecko bites you but does no damage.
You hit the leopard gecko.
The leopard gecko is almost dead.
The leopard gecko barely misses you. x2
You closely miss the leopard gecko.
The leopard gecko is almost dead.
The leopard gecko bites you but does no damage.
The leopard gecko misses you. The leopard gecko bites you.
You die...

.....
....
...#
...####
.....#
#....#
#..l.#
#.@..#
##...#
#.###
#.# #.#
..# ###


You could see a leopard gecko.

Vanquished Creatures
  A worm (D:2)
  2 giant cockroaches
  4 bats
7 creatures vanquished.

Notes
Turn   | Place    | Note
-------+----------+-------------------------------------------
     0 | D:1      | TheOrbIsALie the Gargoyle Berserker began the quest for the
                  | Orb.
     0 | D:1      | Reached XP level 1. HP: 14/14 MP: 1/1
   139 | D:1      | You fall into a shaft and drop 1 floor!
   168 | D:2      | Reached XP level 2. HP: 3/20 MP: 2/2
   180 | D:1      | Slain by a leopard gecko

Levels and vault maps discovered:
D:1:      nicolae_arrival_memento_mori, layout_basic
D:2:      layout_loops_ring, dancing_weapons_uskayaw, first_ration

Action                   || total
-------------------------++-------
Melee: Mace              ||    34
Invok: Berserk           ||     1
Armor: Animal skin       ||    29
Dodge: Dodged            ||    56

Table legend:
 A = Non-vault XP
 B = Vault XP
 C = Vault XP percentage of total XP
 D = Non-vault monster count
 E = Vault monster count
 F = Vault count percentage of total count
                 A         B        C        D         E       F
            +---------+---------+-------+---------+---------+-------
      Total |      14 |       0 |   0.0 |       7 |       0 |   0.0
            +---------+---------+-------+---------+---------+-------
        D:1 |       5 |       0 |   0.0 |       4 |       0 |   0.0
        D:2 |       9 |       0 |   0.0 |       3 |       0 |   0.0
            +---------+---------+-------+---------+---------+-------
